 Dungeon Crawl Stone Soup version 0.24.0-13-gcf9b3192b9 (webtiles) character file.

Game seed: 7353900241675627000, levelgen mode: deterministic

83 Metae the Ruffian (level 4, -11/37 HPs)
             Began as a Draconian Transmuter on Nov 7, 2019.
             Was an Initiate of Vehumet.
             Mangled by Sigmund
             ... wielding a +0 scythe
              (16 damage)
             ... on level 3 of the Dungeon.
             The game lasted 00:19:18 (3179 turns).

Metae the Ruffian (Draconian Transmuter)            Turns: 3179, Time: 00:19:19

Health: -11/37     AC:  6    Str: 13    XL:     4   Next: 22%
Magic:  4/8        EV: 12    Int: 14    God:    Vehumet [......]
Gold:   181        SH:  0    Dex: 11    Spells: 5/8 levels left

rFire    . . .     SeeInvis .   o - +5 short sword (vamp)
rCold    . . .     Gourm    .   (no shield)
rNeg     . . .     Faith    .   (armour unavailable)
rPois    .         Spirit   .   (helmet restricted)
rElec    .         Reflect  .   (no cloak)
rCorr    .         Harm     +   (no gloves)
MR       .....                  i - +0 pair of boots
Stlth    +.........             k - amulet of harm
HPRegen  0.12/turn              (no ring)
MPRegen  0.11/turn              (no ring)

@: hasted, very quick
A: unfitting armour, cold-blooded, AC +5
a: Renounce Religion


You were on level 3 of the Dungeon.
You worshipped Vehumet.
Vehumet was noncommittal.
You were not hungry.

You visited 1 branch of the dungeon, and saw 3 of its levels.

You collected 181 gold pieces.

Inventory:

Hand Weapons
 e - a +0 whip
 o - a +5 vampiric short sword (weapon)
Missiles
 a - 30 arrows
Armour
 i - a +0 pair of boots (worn)
Jewellery
 k - an amulet of harm (around neck)
Scrolls
 b - 2 scrolls of fog {unknown}
 d - 3 scrolls of identify
 g - 2 scrolls of remove curse
 j - a scroll of blinking {unknown}
 l - a scroll of teleportation {unknown}
Potions
 f - 2 potions of heal wounds {unknown}
 n - a potion of haste
Comestibles
 c - 6 rations
 h - 2 chunks of flesh


   Skills:
 + Level 2.6 Fighting
 - Level 1.7 Dodging
 - Level 3.1 Unarmed Combat
 + Level 2.9 Spellcasting
 + Level 3.0 Transmutations


You had 5 spell levels left.
You knew the following spells:

 Your Spells              Type           Power        Failure   Level  Hunger
a - Beastly Appendage     Tmut           ##....       6%          1    #......
b - Sticks to Snakes      Tmut           ##......     10%         2    ##.....

Your spell library contained the following spells:

 Spells                   Type           Power        Failure   Level  Hunger
 Spider Form              Tmut/Pois      #.........   34%         3    ###....
 Ice Form                 Ice/Tmut       #.......     75%         4    #####..
 Blade Hands              Tmut           ##........   86%         5    ######.


Dungeon Overview and Level Annotations

Branches:
Dungeon (3/15)

Altars:
Cheibriados
Dithmenos
Elyvilon
Hepliaklqana
Nemelex Xobeh
Ru
Trog
Uskayaw
Vehumet

Annotations:
D:3 Sigmund


Innate Abilities, Weirdness & Mutations

Your plain brown scales are hard. (AC +5)
You cannot fit into any form of body armour.
You are cold-blooded and may be slowed by cold attacks.


Message History

The puff of flame hits you.
The bat closely misses your ball python.
The rat barely misses you. The bat barely misses your ball python.
A magic dart appears from out of thin air!
The magic dart hits you!
* * * LOW HITPOINT WARNING * * *
Your ball python barely misses the rat.
Your ball python grabs the rat.
Your ball python constricts the rat.
It was a potion of haste.
You feel yourself speed up. The bat barely misses you. Something hits you.
* * * LOW HITPOINT WARNING * * *
Your ball python barely misses the rat.
Your ball python constricts the rat.
Your ball python barely misses the bat.
Your ball python misses the bat.
The rat barely misses you. The bat hits you but does no damage.
The bat closely misses you.
Your ball python bites the rat but does no damage.
Your ball python constricts the rat.
Your ball python barely misses the bat. x2
Something hits you!
You die...

#......................
..................†...
#....................
#....................
#....................
#..S................#
#...rS{.............#
#....b..............#
+...@................
#....................
................#.......
####.############.......
#. #....... #+ #.......
#.......


You could see a bat, a rat and 2 friendly ball pythons.

Vanquished Creatures
  3 adders (D:2)
  3 worms
  A dart slug (D:2)
  3 leopard geckos
  5 bats
  3 giant cockroaches
  5 goblins
  2 hobgoblins
  7 kobolds
  A quokka (D:3)
  3 ball pythons
  3 rats
39 creatures vanquished.

Vanquished Creatures (collateral kills)
  A worm (D:3)
1 creature vanquished.

Grand Total: 40 creatures vanquished

Notes
Turn   | Place    | Note
-------+----------+-------------------------------------------
     0 | D:1      | Metae the Draconian Transmuter began the quest for the Orb.
     0 | D:1      | Reached XP level 1. HP: 16/16 MP: 3/3
   389 | D:1      | Reached XP level 2. HP: 14/23 MP: 5/5
   507 | D:1      | Learned a level 2 spell: Sticks to Snakes
   981 | D:2      | Found a snail-covered altar of Cheibriados.
  1254 | D:2      | Reached XP level 3. HP: 14/29 MP: 6/6
  1544 | D:2      | Found a radiant altar of Vehumet.
  1545 | D:2      | Found a hide-covered altar of Uskayaw.
  1545 | D:2      | Found a bloodstained altar of Trog.
  1546 | D:2      | Found a sacrificial altar of Ru.
  1546 | D:2      | Found a shadowy altar of Dithmenos.
  1549 | D:2      | Found a white marble altar of Elyvilon.
  1550 | D:2      | Found a hazy altar of Hepliaklqana.
  1587 | D:2      | Became a worshipper of Vehumet
  1935 | D:2      | Found a sparkling altar of Nemelex Xobeh.
  2865 | D:3      | Reached XP level 4. HP: 37/37 MP: 8/8
  3133 | D:3      | Noticed Sigmund
  3179 | D:3      | Mangled by Sigmund

Levels and vault maps discovered:
D:1:      mushboom_english_gardens, layout_basic
D:2:      layout_loops_ring, nemelex_xobeh_ov_fountains_minmay,
          grunt_temple_overflow_open, minmay_misc_feat_tiny
D:3:      layout_basic, chequers_ecumenical_altar_lobes, first_ration,
          goddamned_bats, uniq_sigmund

Skill      XL: |  1  2  3  4 |
---------------+-------------+-----
Fighting       | 2 |  2.6
Transmutations | 3 |  3.0
Dodging        | |  1.7
Unarmed Combat | |  3.1
Spellcasting   | |  2.9

Action                   |  1- 3 |  4- 6 || total
-------------------------+-------+-------++-------
Melee: Unarmed           |   126 |    16 ||   142
       Tailslap          |    12 |     1 ||    13
       Headbutt          |     2 |       ||     2
       Punch             |     2 |       ||     2
       Short sword       |       |     5 ||     5
 Cast: Beastly Appendage |     7 |     1 ||     8
       Sticks to Snakes  |     2 |     4 ||     6
  Use: Scroll            |     2 |     1 ||     3
       Potion            |     2 |     1 ||     3
  Eat: Ration            |     2 |       ||     2
       Chunk             |       |     1 ||     1
Armor: Skin              |    41 |    15 ||    56
Dodge: Dodged            |    88 |    31 ||   119
